 Dungeon Crawl Stone Soup version 0.18-a0-1551-g40744a8 (webtiles) character file.

151587 namelastname112 the Covert (level 17, -1/146 HPs)
             Began as a Black Draconian Abyssal Knight on Mar 11, 2016.
             Was the Champion of Lugonu.
             Slain by a seven-headed hydra (3 damage)
             ... on level 4 of the Swamp.
             The game lasted 01:38:31 (38872 turns).

namelastname112 the Covert (DrAK)                  Turns: 38872, Time: 01:38:31

Health: -1/146     AC: 16    Str: 15    XL:     17   Next: 1%
Magic:  21/25      EV: 21    Int: 14    God:    Lugonu [******]
Gold:   2586       SH:  7    Dex: 16    Spells: 2 memorised, 21 levels left

rFire  . . .     SeeInvis .     k - +9 quick blade (distort)
rCold  + + .     Gourm    .     (armour unavailable)
rNeg   . . .     Faith    .     n - +2 buckler
rPois  +         Spirit   .     (helmet restricted)
rElec  +         Dismiss  .     P - +2 cloak of Starlight {rElec rC+ EV+4 Stlth--}
rCorr  .         Reflect  .     R - +2 pair of gloves {archery}
SustAt .         Harm     .     X - +0 pair of boots
MR     +....                    r - amulet of regeneration
Stlth  +++.......               f - ring of protection from cold
                                y - ring of poison resistance

@: flying, somewhat resistant to hostile enchantments, fairly stealthy
A: breathe lightning, unfitting armour, big wings, sense surroundings 1,
electricity resistance, cold-blooded, AC +9
a: Breathe Lightning, Stop Flying, Depart the Abyss, Bend Space, Banish,
Corrupt, Enter the Abyss, Renounce Religion


You were on level 4 of the Swamp.
You worshipped Lugonu.
Lugonu was exalted by your worship.
You were not hungry.

You visited 5 branches of the dungeon, and saw 30 of its levels.
You visited the Abyss 1 time.
You also visited: Labyrinth, Sewer, Bailey, Ice Cave and Volcano.

You collected 3188 gold pieces.
You spent 580 gold pieces at shops.

Inventory:

Hand Weapons
 k - a +9 quick blade of distortion (weapon)
 H - a +8 blowgun
Missiles
 h - 91 poisoned needles
 D - 7 needles of confusion
 I - 18 curare-tipped needles
 J - 3 throwing nets
 L - 8 poisoned javelins (quivered)
 V - 3 needles of sleeping
Armour
 n - a +2 buckler (worn)
 P - the +2 cloak of Starlight (worn) {rElec rC+ EV+4 Stlth--}
   (You acquired it on level 2 of the Swamp)

   It affects your evasion (+4).
   It protects you from cold.
   It insulates you from electricity.
   It makes you much less stealthy.
 R - a +2 pair of gloves of archery (worn)
 X - a +0 pair of boots (worn)
Jewellery
 d - an uncursed ring of protection from magic
 f - a ring of protection from cold (right hand)
 r - an amulet of regeneration (around neck)
 y - a ring of poison resistance (left hand)
 S - an uncursed ring of see invisible
Wands
 a - a wand of paralysis (5/24)
 i - a wand of confusion (37/48)
 l - a wand of iceblast (2/15)
 v - a wand of lightning (9/15)
 A - a wand of digging (17/24)
 C - a wand of lightning (10/15)
 F - a wand of teleportation (5/9)
 K - a wand of disintegration (15/24)
 U - a wand of polymorph (17/24)
 W - a wand of iceblast (7/15)
 Y - a wand of teleportation (6/9)
Scrolls
 j - 3 scrolls of enchant armour
 p - 3 scrolls of amnesia
 q - a scroll of blinking
 s - 11 scrolls of remove curse
 t - 4 scrolls of teleportation
 G - 9 scrolls of recharging
 M - 10 scrolls of identify
 N - 4 scrolls of magic mapping
 T - 2 scrolls of fog
Potions
 c - 2 potions of haste
 e - a potion of magic
 g - 4 potions of brilliance
 m - 5 potions of agility
 o - a potion of cure mutation
 w - a potion of invisibility
 x - 16 potions of curing
 z - a potion of cancellation
 B - 6 potions of berserk rage
 E - 6 potions of heal wounds
 O - 6 potions of might
Miscellaneous
 Q - a phantom mirror
Comestibles
 b - 21 bread rations
 u - 34 fruits


   Skills:
 + Level 12.1 Fighting
 - Level 11.0 Short Blades
 - Level 9.7 Throwing
 * Level 13.5 Dodging
 + Level 14.6 Stealth
 - Level 4.0 Shields
 + Level 5.6 Spellcasting
 + Level 5.7 Translocations
 - Level 10.6 Invocations
 + Level 6.2 Evocations


You had 21 spell levels left.
You knew the following spells:

 Your Spells              Type           Power        Failure   Level  Hunger
a - Apportation           Tloc           ###.......   1%          1    None
b - Silence               Hex/Air        #.........   100%        5    ######.


Dungeon Overview and Level Annotations

Branches:
Dungeon (15/15)            Temple (0/1) D:4            Lair (8/8) D:8
  Swamp (4/4) Lair:5        Snake (0/4) Lair:6        Slime (0/6) Lair:8
    Orc (2/2) D:11            Elf (1/3) Orc:2        Vaults (0/5) D:14
 Depths (0/5) D:15

Altars:
Ashenzari
Cheibriados
Dithmenos
Fedhas
Kikubaaqudgha
Makhleb
Sif Muna
Trog
Zin
Beogh

Shops:
D:4 ?   D:15 ?   Orc:1 !   Orc:2 (:[*

Portals:
Hell: Lair:8

Annotations:
Swamp:1 Kirke
Swamp:2 exclusion: Roxanne, Roxanne
Swamp:4 Galewind's ghost, adept SpEn
Orc:2 corrupted, Kidiri's ghost, journeyman DEFE
Abyss:1 Aizul; Frances; Gastronok; Grum; Josephine; Louise; Maud


Innate Abilities, Weirdness & Mutations

You can breathe wild blasts of lightning.
Your glossy black scales are hard (AC +9).
Your body does not fit into most forms of armour.
Your large and strong wings let you fly indefinitely.
You are resistant to electric shocks.
You are cold-blooded and may be slowed by cold attacks.
You passively map a small area around you.


Message History

The seven-headed hydra blinks!
The seven-headed hydra completely misses you.
You block the seven-headed hydra's attack.
The seven-headed hydra completely misses you. x3
You block the seven-headed hydra's attack.
The seven-headed hydra barely misses you.
The four-headed hydra moves out of view.
The thorn hunter fires a volley of thorns at you.
The volley of thorns hits you!
* * * LOW HITPOINT WARNING * * *
The seven-headed hydra bites you!
* * * LOW HITPOINT WARNING * * *
The seven-headed hydra completely misses you.
The seven-headed hydra barely misses you.
The seven-headed hydra bites you but does no damage.
The seven-headed hydra bites you.
* * * LOW HITPOINT WARNING * * *
The seven-headed hydra completely misses you.
The seven-headed hydra bites you.
You die...

,,≈
≈≈.♣.≈≈≈≈≈..w♣≈♣♣.≈≈≈≈
* * ♣≈♣.≈≈≈≈≈≈..≈♣♣♣
≈≈≈≈ ♣♣§≈≈≈≈≈≈≈≈.♣♣
.≈≈ , .♣≈≈≈≈≈≈≈≈..♣♣
,≈≈≈ ≈≈≈≈≈≈≈≈§≈.♣ ,
≈≈≈.≈≈≈.≈w♣♣♣ *
.......≈.†..♣♣
..≈.≈≈iD≈†≈..♣
§..♣.≈≈@..♣♣♣ *
≈§...f≈≈≈..♣ ≈
≈.≈♣....♣♣♣♣ .♣*♣♣♣♣♣♣


You could see a thorn hunter, a seven-headed hydra, a spriggan druid and a swamp
worm.

Vanquished Creatures
  A minotaur (Lab)
  3 vault guards (D:14)
  A yaktaur captain (D:15)
  21 hydras
  3 centaur warriors
  Erica (D:8)
  A catoblepas (Lair:1)
  3 alligators
  9 death yaks (Lair:8)
  A queen ant (Lair:3)
  A dancing weapon (Orc:2)
  3 skeletal warriors (D:15)
  2 unseen horrors
  4 spriggan druids
  2 wizards
  A giant orange brain (shapeshifter) (D:14)
  3 hill giants
  5 swamp dragons
  An orc knight (Orc:1)
  Pikel (D:6)
  A deep elf archer (D:14)
  2 necromancers (D:14)
  6 deep elf magi
  A wolf spider zombie (D:13)
  A griffon (D:14)
  4 ugly things
  2 manticores (D:14)
  4 cyclopes
  A sixfirhy (Lair:8)
  Maurice (D:8)
  8 black mambas
  6 centaur zombies
  9 elephants
  A torpor snail (Lair:8)
  A molten gargoyle (Volcano)
  3 centaur skeletons
  A smoke demon (Lair:8)
  4 rime drakes
  17 spiny frogs
  2 orange demons (Lair:8)
  8 ice devils
  8 komodo dragons
  A yaktaur (D:15)
  2 red devils (Lair:8)
  2 tengu conjurers
  6 trolls
  3 giant leeches
  2 two-headed ogres (D:13)
  A boulder beetle (Lair:6)
  A polar bear (Lair:3)
  7 slime creatures
  22 blink frogs
  A raiju (shapeshifter) (D:12)
  5 bog bodies
  2 shadows
  A wyvern (D:13)
  8 spriggans
  7 wraiths
  69 yaks
  A golden eye (shapeshifter) (D:14)
  17 humans (D:14)
  6 hippogriffs
  10 vampire mosquitoes
  2 basilisks
  4 hungry ghosts
  3 wargs
  15 swamp worms
  2 nagas (Lair:6)
  4 soldier ants (Lair:3)
  17 insubstantial wisps
  A hell hound (Lair:8)
  16 water moccasins
  29 orc warriors
  9 porcupines
  10 swamp drakes
  11 wasps
  2 phantoms
  21 ogres
  13 wolves
  2 necrophages
  3 sky beasts
  5 ice beasts
  14 centaurs
  13 crocodiles
  8 big kobolds
  16 giant frogs
  10 scorpions
  A wyvern skeleton (D:13)
  2 troll zombies
  7 killer bees
  8 wights
  4 electric eels
  2 howler monkeys
  7 crimson imps
  A giant frog zombie (D:5)
  2 quasits
  6 hounds
  5 giant frog skeletons
  A gnoll shaman (D:5)
  14 jellies
  12 orc priests
  9 iguanas
  An iron imp (D:3)
  Ijyb (D:3)
  20 orc wizards
  16 worker ants
  20 sheep
  6 ogre zombies (D:11)
  A hound zombie (D:5)
  3 hound skeletons
  Robin (D:3)
  9 gnolls
  81 river rats
  15 adders
  5 shadow imps
  7 white imps (IceCv)
  7 ufetubi (IceCv)
  5 oozes
  An adder skeleton (D:6)
  3 worms
  4 dart slugs
  5 giant geckos
  107 orcs
  6 giant cockroaches
  19 goblins
  9 hobgoblins
  2 jackals (D:1)
  6 quokkas
  16 ball pythons
  9 bats
  A giant gecko skeleton (D:6)
  7 giant newts
  A goblin zombie (D:11)
  2 hobgoblin skeletons (D:11)
  3 hobgoblin zombies (D:11)
  57 kobolds
  3 orc skeletons (D:11)
  16 orc zombies (D:11)
  A quokka skeleton (D:10)
  34 rats
  2 briar patches (Swamp:3)
  A fungus (Lair:8)
  8 plants
1164 creatures vanquished.

Vanquished Creatures (collateral kills)
  2 river rats (Lair:7)
2 creatures vanquished.

Vanquished Creatures (others)
  3 thorn hunters
  An orc warlord (Orc:2)
  A stone giant (Orc:2)
  2 dire elephants (Lair:8)
  An ettin (Orc:1)
  The ghost of ololoev the Basher, a journeyman CeWn of Okawaru (Orc:1)
  5 hydras
  A catoblepas (Lair:6)
  5 death yaks (Lair:8)
  An alligator (Swamp:1)
  An orc high priest (Orc:2)
  Urug (Orc:2)
  A hell knight (Volcano)
  A skeletal warrior (D:15)
  7 slime creatures
  4 swamp dragons
  2 shambling mangroves (Swamp:3)
  A deep elf mage (Orc:2)
  2 orc knights (Orc:2)
  2 orc sorcerers (Orc:2)
  An ugly thing (D:11)
  2 cyclopes
  2 ice statues (IceCv)
  An elephant (Lair:7)
  A molten gargoyle (Volcano)
  A black mamba (Lair:6)
  2 spiny frogs
  A gargoyle (D:13)
  A torpor snail (Lair:4)
  A rime drake (Lair:3)
  A komodo dragon (Swamp:2)
  A hellwing (Lair:8)
  A merfolk (Bailey)
  A red devil (Lair:8)
  4 ice devils (IceCv)
  A troll (Orc:2)
  A polar bear (Lair:3)
  2 giant leeches (Swamp:1)
  A boulder beetle (Lair:6)
  A bog body (Swamp:3)
  2 two-headed ogres
  A spriggan (Swamp:2)
  A wraith (Lair:5)
  12 yaks
  A hungry ghost (D:14)
  6 vampire mosquitoes
  A hog (Swamp:1)
  A hippogriff (Lair:3)
  5 swamp worms
  2 wargs (Orc:2)
  2 water moccasins (Lair:2)
  A soldier ant (Lair:3)
  An insubstantial wisp (Swamp:1)
  14 orc warriors
  A slave (D:6)
  2 swamp drakes
  A centaur (Bailey)
  5 wolves
  Blork the orc (Orc:2)
  A jelly (Lair:8)
  5 orc priests (Orc:2)
  7 orc wizards (Orc:2)
  An iguana (Lair:5)
  5 sheep
  2 gnolls (D:5)
  A river rat (Lair:6)
  An adder (D:6)
  3 white imps (IceCv)
  8 orcs
  A giant newt (D:6)
  A kobold (D:4)
  A briar patch (Swamp:3)
  23 bushes
  39 fungi
  58 plants
  12 starspawn tentacles
  104 starspawn tentacle segments
403 creatures vanquished.

Grand Total: 1569 creatures vanquished

Notes
Turn   | Place    | Note
--------------------------------------------------------------
     0 | Abyss:1  | namelastname112 the Draconian Abyssal Knight began the quest for the Orb.
     0 | Abyss:1  | Reached XP level 1. HP: 19/19 MP: 2/2
    46 | Abyss:2  | Noticed an ancient zyme
    77 | Abyss:2  | Noticed a large abomination
    83 | Abyss:2  | Noticed a giant orange brain
   121 | Abyss:2  | Noticed a chaos spawn
   121 | Abyss:2  | Noticed a lich
   121 | Abyss:2  | Noticed an ancient zyme
   132 | Abyss:2  | Noticed a tentacled starspawn
   133 | Abyss:2  | Noticed a spatial maelstrom
   135 | Abyss:2  | Noticed a spatial vortex
   136 | Abyss:2  | Noticed a spatial vortex
   136 | D:1      | Escaped the Abyss
   262 | D:1      | Reached * piety under Lugonu
   366 | D:1      | Reached XP level 2. HP: 21/26 MP: 3/3
   838 | D:1      | Reached XP level 3. HP: 28/31 MP: 4/4
   847 | D:1      | Reached ** piety under Lugonu
  1300 | D:2      | Reached skill level 1 in Stealth
  1355 | D:2      | Found a shadowy altar of Dithmenos.
  1455 | D:2      | Reached XP level 4. HP: 33/38 MP: 6/6
  1927 | D:3      | Noticed Ijyb
  1970 | D:3      | Killed Ijyb
  1970 | D:3      | Reached skill level 1 in Shields
  2062 | D:3      | Found a shattered altar of Ashenzari.
  2205 | D:3      | Reached XP level 5. HP: 37/46 MP: 7/7
  2224 | D:3      | Reached *** piety under Lugonu
  2474 | D:3      | Noticed Robin
  2488 | D:3      | Killed Robin
  2635 | D:3      | You fall through a shaft for 2 floors!
  2635 | D:5      | Entered Level 5 of the Dungeon
  2650 | D:5      | Noticed a water moccasin
  2712 | D:4      | Found a staircase to the Ecumenical Temple.
  2759 | D:4      | Noticed an ogre
  2762 | D:4      | Found Ocwis's Magic Scroll Shop.
  2911 | D:3      | Noticed Grinder
  2913 | D:3      | Noticed Grinder
  2913 | D:3      | Grinder changed into Grinder the iron imp
  2936 | D:3      | Killed Grinder the iron imp
  2936 | D:3      | Reached XP level 6. HP: 44/52 MP: 8/8
  3268 | D:4      | Found a snail-covered altar of Cheibriados.
  3269 | D:4      | Found a bloodstained altar of Trog.
  3331 | D:4      | Reached skill level 2 in Stealth
  3507 | D:4      | Reached **** piety under Lugonu
  4070 | D:4      | Your scales start taking on a glossy black colour.
  4070 | D:4      | Reached XP level 7. HP: 58/60 MP: 10/10
  4070 | D:4      | Gained mutation: You are resistant to electric shocks. [Black Draconian growth]
  4539 | D:5      | Reached skill level 3 in Stealth
  4567 | D:5      | Reached skill level 1 in Throwing
  4580 | D:5      | Reached skill level 5 in Invocations
  4743 | D:5      | Reached XP level 8. HP: 67/67 MP: 11/11
  4882 | D:5      | Reached skill level 5 in Short Blades
  5102 | D:5      | Gained mutation: You possess an exceptional clarity of mind. [potion of mutation]
  5102 | D:5      | Gained mutation: Your tail ends in a poisonous barb. [potion of mutation]
  5102 | D:5      | Gained mutation: You occasionally shout uncontrollably at your foes. [potion of mutation]
  5502 | D:6      | Noticed Pikel
  5545 | D:5      | Reached skill level 5 in Fighting
  5610 | D:6      | Killed Pikel
  5610 | D:6      | Reached skill level 4 in Stealth
  5680 | D:6      | Reached XP level 9. HP: 55/74 MP: 13/13
  5744 | D:6      | Found a glowing drain.
  5781 | Sewer    | Entered a sewer
  5811 | Sewer    | Reached ***** piety under Lugonu
  6341 | D:6      | Gained mutation: You are clumsy. (Dex -2) [potion of mutation]
  6341 | D:6      | Lost mutation: You possess an exceptional clarity of mind. [potion of mutation]
  6341 | D:6      | Gained mutation: You are dopey. (Int -2) [potion of mutation]
  7118 | D:7      | Found a glowing silver altar of Zin.
  7504 | D:7      | Gained mutation: Your flesh is heat resistant. [potion of mutation]
  7504 | D:7      | Gained mutation: You are somewhat resistant to further mutation. [potion of mutation]
  7631 | D:7      | Reached ****** piety under Lugonu
  8173 | D:8      | Noticed Erica
  8450 | D:8      | Reached skill level 5 in Stealth
  8566 | D:8      | Killed Erica
  8566 | D:8      | Reached skill level 5 in Dodging
  8566 | D:8      | Reached XP level 10. HP: 62/84 MP: 14/16
  8611 | D:8      | Noticed Grum
  8629 | D:8      | Banished Grum
  8955 | D:8      | Noticed Gastronok
  8958 | D:8      | Banished Gastronok
  9087 | D:8      | Noticed a cyclops
  9119 | D:8      | Banished a cyclops
  9176 | D:8      | Found a staircase to the Lair.
  9395 | D:8      | Noticed Maurice
  9402 | D:8      | Killed Maurice
  9728 | D:9      | Reached skill level 6 in Stealth
 10718 | D:10     | Entered Level 10 of the Dungeon
 10894 | D:10     | Found an ancient bone altar of Kikubaaqudgha.
 10904 | D:10     | Noticed a hill giant
 11073 | D:10     | Reached XP level 11. HP: 89/92 MP: 18/18
 11268 | D:10     | Got an ichor-stained short sword
 11269 | D:10     | Identified the cursed +0 short sword of Okawaru's Whim {elec, Dex+2 Stlth+} (You found it on level 10 of the Dungeon)
 11599 | D:9      | Killed a hill giant
 11599 | D:9      | Reached skill level 5 in Throwing
 11935 | D:10     | Reached skill level 10 in Invocations
 12403 | D:11     | Noticed a purple ugly thing
 12450 | D:11     | Noticed Maud
 12498 | D:11     | Banished Maud
 12697 | D:11     | Noticed a cyan ugly thing
 12709 | D:11     | Banished a cyan ugly thing
 12869 | D:11     | Noticed a centaur warrior
 12886 | D:11     | Killed a centaur warrior
 13173 | D:11     | Killed a purple ugly thing
 13173 | D:11     | Reached skill level 7 in Stealth
 13182 | D:11     | Gained mutation: Scrolls take you a little longer to read. [mutagenic meat]
 13444 | D:11     | Noticed an unseen horror
 13454 | D:11     | Found a staircase to the Orcish Mines.
 13475 | D:11     | Killed an unseen horror
 14074 | D:12     | Noticed a deep elf mage
 14096 | D:12     | Killed a deep elf mage
 14157 | D:12     | Reached XP level 12. HP: 103/103 MP: 19/19
 14347 | D:12     | Reached skill level 8 in Stealth
 14834 | D:12     | Noticed Frances
 14838 | D:12     | Banished Frances
 15609 | D:13     | Reached skill level 9 in Stealth
 15751 | D:13     | Noticed an eight-headed hydra
 15753 | D:13     | Banished an eight-headed hydra
 15924 | D:13     | Reached skill level 10 in Short Blades
 16597 | D:14     | Noticed a vault guard
 16656 | D:14     | Killed a vault guard
 16656 | D:14     | Reached XP level 13. HP: 90/112 MP: 20/20
 16775 | D:14     | Reached skill level 10 in Stealth
 16777 | D:14     | Noticed a vault guard
 16785 | D:14     | Noticed a vault guard
 16846 | D:14     | Killed a vault guard
 16878 | D:14     | Killed a vault guard
 16878 | D:14     | Reached skill level 10 in Fighting
 17182 | D:14     | Found a gate to the Vaults.
 17370 | D:14     | Identified a scroll of acquirement
 17373 | D:14     | Identified a +9 quick blade of distortion (a +9 quick blade corrupted by Lugonu)
 17373 | D:14     | Received a gift from Lugonu
 17894 | D:14     | Reached skill level 11 in Stealth
 17957 | D:14     | Found a blossoming altar of Fedhas.
 18311 | D:15     | Entered Level 15 of the Dungeon
 18325 | D:15     | Found a labyrinth entrance.
 18330 | Lab      | Entered a labyrinth
 18422 | Lab      | Noticed a minotaur
 18425 | Lab      | Killed a minotaur
 18541 | D:15     | Found a frozen archway.
 18559 | IceCv    | Entered an ice cave
 19186 | D:15     | Found Ybrygi's Magic Scroll Emporium.
 19440 | D:15     | Found a staircase to the Depths.
 19460 | D:15     | Gained mutation: Your large and strong wings let you fly indefinitely. [Black Draconian growth]
 19460 | D:15     | Reached XP level 14. HP: 81/122 MP: 21/21
 19947 | Orc:1    | Entered Level 1 of the Orcish Mines
 19947 | Orc:1    | Noticed ololoev's ghost (journeyman CeWn)
 19979 | Orc:1    | Found a flagged portal.
 19999 | Bailey   | Entered a bailey
 20583 | Bailey   | Lost mutation: Scrolls take you a little longer to read. [helix card]
 20584 | Bailey   | Lost mutation: Your flesh is heat resistant. [helix card]
 20586 | Bailey   | Lost mutation: You are somewhat resistant to further mutation. [helix card]
 20587 | Bailey   | Lost mutation: Your tail ends in a poisonous barb. [helix card]
 20587 | Bailey   | Gained mutation: You passively map a small area around you. [helix card]
 20589 | Bailey   | Noticed Ediluxkyo
 20600 | Bailey   | Gained mutation: Your system is resistant to poisons. [helix card]
 20612 | Orc:1    | Banished ololoev's ghost
 20766 | Orc:1    | Found a roughly hewn altar of Beogh.
 20905 | Orc:1    | Found Tyhareag's Distillery.
 20981 | Orc:1    | Reached skill level 12 in Stealth
 21355 | Orc:2    | Entered Level 2 of the Orcish Mines
 21406 | Orc:2    | Noticed Kidiri's ghost (journeyman DEFE)
 21529 | Orc:2    | Noticed an orc warlord
 21530 | Orc:2    | Noticed Urug
 21531 | Orc:2    | Corrupted Orc:2
 21535 | Orc:2    | Noticed a tentacled starspawn
 21537 | Orc:2    | Noticed a starcursed mass
 21544 | Orc:2    | Killed Urug
 21554 | Orc:2    | Killed Blork the orc
 21559 | Orc:2    | Killed an orc warlord
 21584 | Orc:2    | Killed a stone giant
 21665 | Orc:2    | Found Sirgh's Antique Armour Emporium.
 21670 | Orc:2    | Noticed a bone dragon
 21676 | Orc:2    | Found a roughly hewn altar of Beogh.
 21677 | Orc:2    | Found Ahoa's Antique Weapon Emporium.
 21682 | Orc:2    | Found Xeaj's Book Emporium.
 21721 | Orc:2    | Bought a pair of embroidered gloves for 130 gold pieces
 21747 | Orc:2    | Found Cyjus's General Store.
 21804 | Orc:2    | Found a deep blue altar of Sif Muna.
 21888 | Orc:2    | Found a staircase to the Elven Halls.
 22084 | Orc:2    | Identified Sif Muna's Reference Book on Combat Magic
 22469 | Orc:2    | Noticed an orc warlord
 22476 | Orc:2    | Banished an orc warlord
 23009 | Orc:1    | Bought a potion of cure mutation for 450 gold pieces
 23009 | Orc:1    | Lost mutation: You are clumsy. (Dex -2) [potion of cure mutation]
 23009 | Orc:1    | Lost mutation: You are dopey. (Int -2) [potion of cure mutation]
 23009 | Orc:1    | Lost mutation: Your system is resistant to poisons. [potion of cure mutation]
 23009 | Orc:1    | Lost mutation: You occasionally shout uncontrollably at your foes. [potion of cure mutation]
 23170 | Lair:1   | Entered Level 1 of the Lair of Beasts
 23176 | Lair:1   | Found a dark tunnel.
 23196 | Volcano  | Entered a volcano
 23255 | Volcano  | Found a radiant altar of Vehumet.
 23678 | Lair:1   | Reached skill level 10 in Dodging
 26040 | Lair:3   | Reached skill level 13 in Stealth
 26832 | Lair:4   | Found a snail-covered altar of Cheibriados.
 27470 | Lair:5   | Reached XP level 15. HP: 74/128 MP: 22/22
 27695 | Lair:5   | Found a staircase to the Swamp.
 28128 | Lair:5   | Learned a level 1 spell: Apportation
 28217 | Lair:5   | Noticed Josephine
 28248 | Lair:5   | Banished Josephine
 28540 | Lair:6   | Found a staircase to the Snake Pit.
 28619 | Lair:6   | Reached skill level 1 in Translocations
 28754 | Lair:6   | Reached skill level 1 in Evocations
 28771 | Lair:6   | Reached skill level 1 in Spellcasting
 30385 | Lair:8   | Entered Level 8 of the Lair of Beasts
 30387 | Lair:8   | Found a staircase to the Slime Pits.
 30513 | Lair:8   | Learned a level 5 spell: Silence
 31486 | Lair:8   | Reached skill level 14 in Stealth
 31851 | Lair:8   | Found a burning altar of Makhleb.
 32037 | Lair:8   | Found a gateway to Hell.
 32278 | Lair:8   | Reached XP level 16. HP: 79/137 MP: 23/23
 33221 | Elf:1    | Entered Level 1 of the Elven Halls
 34150 | Swamp:1  | Entered Level 1 of the Swamp
 34151 | Swamp:1  | Noticed Aizul
 34468 | Swamp:1  | Noticed Kirke
 35394 | Swamp:1  | Banished Aizul
 35743 | Swamp:2  | Noticed a thorn hunter
 35754 | Swamp:2  | Banished a thorn hunter
 35761 | Swamp:1  | Reached skill level 5 in Evocations
 35998 | Swamp:2  | Noticed Louise
 36085 | Swamp:2  | Banished Louise
 36448 | Swamp:2  | Noticed Roxanne
 36826 | Swamp:3  | Reached skill level 5 in Spellcasting
 36867 | Swamp:3  | Reached skill level 5 in Translocations
 36962 | Swamp:3  | Noticed a thorn hunter
 36975 | Swamp:3  | Banished a thorn hunter
 37720 | Swamp:3  | Noticed a tentacled monstrosity
 38007 | Swamp:3  | Banished a tentacled monstrosity
 38123 | Swamp:4  | Entered Level 4 of the Swamp
 38346 | Swamp:4  | Noticed Galewind's ghost (adept SpEn)
 38538 | Swamp:4  | Noticed a thorn hunter
 38745 | Swamp:3  | Banished a thorn hunter
 38842 | Swamp:4  | Noticed a thorn hunter
 38867 | Swamp:4  | Reached XP level 17. HP: 74/146 MP: 21/25
 38872 | Swamp:4  | HP: 2/146 [seven-headed hydra (6)]
 38872 | Swamp:4  | Slain by a seven-headed hydra

Vault maps used:
D:1:      dpeg_arrival_ratfight, solitary_fountain, minmay_crystal_room,
          minmay_crystal_water
D:2:      first_bread, nicolae_dithmenos_through_a_glass_darkly
D:3:      evilmike_ruin_ashenzari, uniq_grinder, uniq_iyjb, uniq_robin
D:4:      kennysheep_kobold_camp, gammafunk_temple_overflow_statue,
          minmay_temple_entry_poolview, serial_shops, shop_scrolls,
          serial_bayou_crossing
D:5:      lemuel_upstairs_altar
D:6:      gup_sewer_entry_glass, grunt_ministairs_8, uniq_pikel
D:7:      basic_altar, the_bakery
D:8:      david_lair_shrubbed, uniq_gastronok, uniq_grum, uniq_erica,
          uniq_maurice
D:10:     basic_altar
D:11:     zombieorc2_lemuel, uniq_maud
D:12:     uniq_frances
D:14:     grunt_vaults_entry_tiered, serial_park_tiny_2,
          fedhas_bush_and_centaur_altar
D:15:     grunt_enter_depths_snipers, serial_shops, shop,
          hangedman_abyss_or_decor_lesser_grid, lab_entry_generic,
          portal_ice_cave_demonic_guard
Lair:1:   enter_volcano_1, st_stairs_8, grunt_forest_small_clearing_treed,
          lemuel_fruit_tree, serial_bayou_shore_b
Lair:2:   serial_bayou_shore_a, infiniplex_staircase_pool_2
Lair:3:   wad_woods_antlair, infiniplex_staircase_pool
Lair:4:   st_stairs_8, kennysheep_snail_temple
Lair:5:   minmay_swamp_entry_swarm, minivault_25, uniq_josephine
Lair:6:   guppyfry_snake_entry_garden
Lair:8:   evil_forest, minmay_slime_entry_jelly_boxes,
          grunt_forest_large_clearings
Swamp:1:  evilmike_swamp_ruin_house_4, uniq_aizul, uniq_kirke
Swamp:2:  hangedman_swamp_cone, uniq_roxanne, uniq_louise
Swamp:3:  nicolae_swamp_orc_logging_accident
Swamp:4:  swamp
Orc:1:    basic_altar, enter_bailey_7, serial_shops, nicolae_shop_statue_plus
Orc:2:    grunt_orc_cross, led_sif_book
Elf:1:    eino_elf_arrival_the_gate, special_room, orc_legates, spider_trap
Abyss:2:  evilmike_abyss_exit_16
Lab:      labyrinth_spiral, nicolae_lab_garden, nicolae_lab_plus,
          labyrinth_glass_1, nicolae_lab_starburst, nicolae_lab_statue,
          lab_hedge, labyrinth_skeletal_remains, nicolae_lab_do_over,
          labyrinth_baited_teleportation_trap, nicolae_lab_dead_end
Sewer:    sewer_minmay_w
Bailey:   bailey_polearm_flooded_kennysheep, bailey
IceCv:    ice_cave_small_demon
Volcano:  volcano_lake

Skill      XL: |  1  2  3  4  5  6  7  8  9 10 11 12 13 14 15 16 |
---------------+-------------------------------------------------+-----
Stealth        | 1 2 3 4 5 6 7 9 11 13 14 | 14.6
Shields        | 1 2 3 4 |  4.0
Invocations    | 3 4 5 6 8 9 10 | 10.6
Short Blades   | 3 4 5 7 8 9 10 11 | 11.0
Fighting       | 4 5 6 7 8 9 10 11 12 | 12.1
Dodging        | 3 4 5 6 7 8 11 12 13 | 13.5
Throwing       | 1 2 3 4 6 7 8 9 |  9.7
Translocations | 4 5 |  5.7
Evocations     | 4 6 |  6.2
Spellcasting   | 3 5 |  5.6

Action                   |  1- 3 |  4- 6 |  7- 9 | 10-12 | 13-15 | 16-18 || total
-------------------------+-------+-------+-------+-------+-------+-------++-------
Melee: Short sword       |   137 |   449 |   190 |   887 |   222 |       ||  1885
       Dagger            |       |       |   603 |   409 |       |       ||  1012
       Scimitar          |       |       |       |    27 |     7 |       ||    34
       Quick blade       |       |       |       |       |  2447 |  1141 ||  3588
 Fire: Blowgun           |       |     5 |    70 |    42 |       |       ||   117
Throw: Javelin           |       |       |       |    14 |     7 |       ||    21
Invok: Depart the Abyss  |     1 |       |       |       |       |       ||     1
       Banish            |       |       |     4 |    20 |     4 |     7 ||    35
       Bend Space        |       |       |       |     3 |     2 |     6 ||    11
       Brand Weapon With |       |       |       |       |     1 |       ||     1
       Corrupt           |       |       |       |       |     1 |       ||     1
 Abil: Breathe Lightning |       |       |    12 |    23 |     7 |     1 ||    43
       Fly               |       |       |       |       |     1 |     2 ||     3
Evoke: Wand              |       |     2 |       |       |     4 |       ||     6
       Deck              |       |       |       |       |    11 |       ||    11
  Use: Potion            |       |     3 |     3 |     6 |     2 |       ||    14
       Scroll            |       |     1 |    12 |    13 |    19 |     7 ||    52
 Stab: Sleeping          |     3 |     4 |     3 |    19 |    53 |     4 ||    86
       Distracted        |       |     1 |       |     1 |     8 |     5 ||    15
       Confused          |       |       |       |     1 |       |     1 ||     2
       Paralysed         |       |       |       |       |     1 |       ||     1
  Eat: Chunk             |     2 |     9 |     3 |    20 |    49 |     4 ||    87
       Beef jerky        |       |       |     1 |     1 |     1 |     1 ||     4
       Meat ration       |       |       |     3 |     2 |       |     2 ||     7
       Pizza             |       |       |     1 |     2 |       |     2 ||     5
       Fruit             |       |       |       |     5 |       |     2 ||     7
       Royal jelly       |       |       |       |     2 |     2 |       ||     4
       Bread ration      |       |       |       |     2 |     1 |     1 ||     4
